Influenza vs Atomiques (R2)

Created - 11 mai 2016 at 22:01

Goals
1 2 3 OT1 T
Influenza 2 0 1 1 4
Atomiques 2 0 1 0 3
Shots
1 2 3 OT1 T
Influenza 9 8 13 2 32
Atomiques 8 3 20 0 31

1st period

1. Influenza , Andreas Engqvist 1 (John Klingberg, T.J Galiardi) at 8:04
2. Atomiques , Nick Johnson 2 (Andrew Kozek) at 13:29
3. Atomiques , Tyler Brenner 2 (Alexander Sulzer, Tyler Kennedy) at 13:43
4. Influenza , Martins Karsums 5 (Robbie Earl, Ryan Carter) at 18:15

Penalties :
Shawn Belle (STB) for Slashing (Minor) at 18:18

2nd period

No Goal

Penalties :
Charlie Coyle (VJB) for Holding (Minor) at 2:30, Martins Karsums (VJB) for Holding Stick (Minor) at 7:42, Kenndal McArdle (STB) for Hooking (Minor) at 8:52, Tyler Kennedy (STB) for Holding (Minor) at 15:35, Shawn Belle (STB) for Cross-checking (Minor) at 18:05

3rd period

5. Atomiques , Marc-André Cliche 3 (Davis Drewiske) at 18:27
6. Influenza , Martins Karsums 6 (Ryan Carter, Robbie Earl) at 19:13

Penalties :
Martins Karsums (VJB) for Interference (Minor) at 1:51, Davis Drewiske (STB) for Boarding (Minor) at 7:30, Robbie Earl (VJB) for Interference (Minor) at 7:37, Tyler Brenner (STB) for Slashing (Minor) at 15:20

Overtime #1

7. Influenza , Martins Karsums 7 (Noah Welch, Robbie Earl) at 0:12

Penalties :
No Penalty

Goalie Stats

Thomas McCollum (VJB), 28 saves from 31 shots - (0,903), W, 1-1-0, 59:58 minutes
Alex Auld (STB), 28 saves from 32 shots - (0,875), OTL, 3-1-1, 60:12 minutes

Players Stats for Influenza

Player Name              G  A  P  +/- PIM S  H  SB GA TA FO     MP     PP MP  PK MP  
------------------------------------------------------------------------------------
Andreas Engqvist         1  0  1   0  0   1  2  0  0  0  3/9    11:03   0:00   0:00 
Ben Smith                0  0  0  -1  0   0  2  0  2  1  0/0    14:37   4:26   0:00 
Brian Salcido            0  0  0  -2  0   1  0  1  0  1  0/0    11:23   0:00   0:00 
Charlie Coyle            0  0  0   0  2   1  0  0  0  0  1/1     7:09   0:00   0:27 
Corey Tropp              0  0  0   0  0   1  0  0  0  0  0/0     6:42   0:00   0:00 
Jamie Benn               0  0  0  -1  0   1  1  0  0  1  0/0    18:07   4:26   1:56 
Jeremy Morin             0  0  0   0  0   0  0  1  0  0  1/1    12:05   0:18   0:00 
John Klingberg           0  1  1   1  0   1  2  1  0  0  0/0    21:06   4:33   1:42 
Martins Karsums          3  0  3   2  4   8  1  1  1  1  1/3    19:25   4:34   0:24 
Mathieu Carle            0  0  0   2  0   1  2  0  1  1  0/0    27:43   4:40   3:33 
Matt Corrente            0  0  0   1  0   2  0  1  0  0  0/0    21:06   4:33   1:42 
Noah Welch               0  1  1   2  0   1  4  1  0  0  0/0    27:43   4:40   3:33 
Oskars Bartulis          0  0  0  -2  0   1  0  1  0  4  0/0    11:23   0:00   0:00 
Robbie Earl              0  3  3   2  2   1  2  0  0  1  0/1    22:49   4:46   3:10 
Ryan Carter              0  2  2   2  0   4  1  3  1  1  20/34  23:12   4:29   3:07 
Ryan Russell             0  0  0   0  0   3  1  0  0  0  3/3    10:00   0:00   1:26 
T.J Galiardi             0  1  1   0  0   3  1  0  1  0  0/0    12:50   0:13   0:00 
Zac Dalpe                0  0  0  -1  0   2  0  0  1  1  2/8    14:37   4:26   0:00 

Players Stats for Atomiques

Player Name              G  A  P  +/- PIM S  H  SB GA TA FO     MP     PP MP  PK MP  
------------------------------------------------------------------------------------
Alex Berry               0  0  0   0  0   0  0  0  0  0  0/1     6:47   0:00   0:00 
Alexander Sulzer         0  1  1  -3  0   2  3  2  1  0  0/0    28:56   3:30   6:14 
Andrew Kozek             0  1  1   2  0   5  1  0  1  0  0/0    13:43   0:00   2:00 
Anthony Nigro            0  0  0   0  0   0  0  0  0  0  0/0     0:00   0:00   0:00 
Brad Winchester          0  0  0  -2  0   2  1  1  1  0  5/13   23:23   3:40   5:03 
Brett Sutter             0  0  0   0  0   0  2  0  0  0  1/2     7:53   0:00   0:56 
Casey Borer              0  0  0   0  0   0  0  0  0  0  0/0     0:00   0:00   0:00 
Clayton Stoner           0  0  0   2  0   0  1  1  0  1  0/0    11:33   0:00   0:00 
Davis Drewiske           0  1  1   0  2   0  1  1  0  3  0/0    20:04   1:46   3:20 
Drew Larman              0  0  0   0  0   0  0  0  0  0  0/0     0:00   0:00   0:00 
John McCarthy            0  0  0   0  0   0  0  1  0  0  0/0     6:47   0:00   0:00 
Kenndal McArdle          0  0  0  -1  2   2  0  0  1  0  0/0    14:40   1:34   0:14 
Kyle Wharton             0  0  0   2  0   0  2  0  0  1  0/0    12:07   0:00   1:11 
Mac Bennett              0  0  0   0  0   0  0  0  0  0  0/0     0:00   0:00   0:00 
Marc-André Cliche        1  0  1   2  0   4  4  1  0  0  3/6    12:56   0:00   2:04 
Marc-Antoine Pouliot     0  0  0  -1  0   1  1  0  2  0  6/7    13:31   1:35   0:00 
Nick Johnson             1  0  1   2  0   3  2  0  0  0  1/2    10:44   0:00   0:00 
Roman Polak              0  0  0   0  0   0  0  0  0  0  0/0     0:00   0:00   0:00 
Ryan Shannon             0  0  0  -1  0   1  1  0  2  0  0/1    16:42   1:35   2:24 
Scott Jackson            0  0  0   0  0   0  0  0  0  0  0/0     0:00   0:00   0:00 
Shawn Belle              0  0  0   0  4   1  0  2  0  0  0/0    19:39   1:45   1:48 
Trevor Van Riemsdyk      0  0  0   0  0   0  0  0  0  0  0/0     0:00   0:00   0:00 
Tyler Brenner            1  0  1  -2  2   1  2  0  0  2  12/25  18:31   3:39   1:42 
Tyler Kennedy            0  1  1  -2  2   5  3  1  0  0  1/3    22:29   3:40   4:03 
Victor Hedman            0  0  0  -3  0   4  1  1  4  0  0/0    28:35   3:30   5:53 

3 Stars

1 - Martins Karsums (VJB)
2 - Marc-André Cliche (STB)
3 - Robbie Earl (VJB)

Power Play

Influenza - 0 on 6 Attempt(s) - 0,00%
Atomiques - 0 on 4 Attempt(s) - 0,00%

Penalty Kill

Influenza - 4 on 4 Attempt(s) - 100,00% - Score 0 goal in Penalty Kill
Atomiques - 6 on 6 Attempt(s) - 100,00% - Score 0 goal in Penalty Kill

Team Stat

Influenza - Hits : 19 - Faceoff Wins : 31 - Blocked Shots : 10 - Penalty Minutes : 8
Atomiques - Hits : 25 - Faceoff Wins : 29 - Blocked Shots : 11 - Penalty Minutes : 12

Official

Referees : Auger Stephane and Dwyer Gord
Linesman : Brian Mach and Brad Lazarowich

Game Notes

13:43 of 1st period - Atomiques goal is going for a video replay. After video review, Goal.
18:15 of 1st period - Influenza goal is going for a video replay. After video review, Goal.
Martins Karsums has scored a Hat Trick!

Finance

Level 1 -- Attendance: 1737 (86,85%) -- Ticket Income 60 795 $
Level 2 -- Attendance: 907 (90,70%) -- Ticket Income 13 605 $
Total Attendance: 2644 (88,13%)
Total Ticket Income: 74 400 $
Other Income: 3 720 $
Total Income: 78 120 $

Influenza

5 vs 5 Forward 
   Center                   Left Wing                Right Wing               Time % Phy DF OF 
 1 Ryan Carter              Robbie Earl              Martins Karsums          40     1   2  2  
 2 Zac Dalpe                Jamie Benn               Ben Smith                30     1   2  2  
 3 Andreas Engqvist         T.J Galiardi             Jeremy Morin             20     1   2  2  
 4 Charlie Coyle            Ryan Russell             Corey Tropp              10     1   2  2  

5 vs 5 Defense 
   Defense                  Defense                                           Time % Phy DF OF 
 1 Noah Welch               Mathieu Carle                                     40     1   2  2  
 2 John Klingberg           Matt Corrente                                     30     1   2  2  
 3 Brian Salcido            Oskars Bartulis                                   20     1   2  2  
 4 Noah Welch               Mathieu Carle                                     10     1   2  2  

PowerPlay Forward 
   Center                   Left Wing                Right Wing               Time % Phy DF OF 
 1 Ryan Carter              Robbie Earl              Martins Karsums          60     1   2  2  
 2 Zac Dalpe                Jamie Benn               Ben Smith                40     1   2  2  

PowerPlay Defense
   Defense                  Defense                                           Time % Phy DF OF 
 1 Noah Welch               Mathieu Carle                                     60     1   2  2  
 2 John Klingberg           Matt Corrente                                     40     1   2  2  

Penalty Kill 4 Players Forward 
   Center                   Wing                     Time % Phy DF OF 
 1 Ryan Carter              Robbie Earl              60     1   2  2  
 2 Martins Karsums          Jamie Benn               40     1   2  2  

Penalty Kill 4 Players Defense
   Defense                  Defense                  Time % Phy DF OF 
 1 Noah Welch               Mathieu Carle            60     1   2  2  
 2 John Klingberg           Matt Corrente            40     1   2  2  

Penalty Kill - 3 Players Forward 
   Forward                                           Time % Phy DF OF 
 1 Ryan Carter                                       60     1   2  2  
 2 Robbie Earl                                       40     1   2  2  

Penalty Kill - 3 Players Defense
   Defense                  Defense                  Time % Phy DF OF 
 1 Noah Welch               Mathieu Carle            60     1   2  2  
 2 John Klingberg           Matt Corrente            40     1   2  2  

4 vs 4 Forward 
   Center                   Wing                     Time % Phy DF OF 
 1 Ryan Carter              Robbie Earl              60     1   2  2  
 2 Martins Karsums          Jamie Benn               40     1   2  2  

4 vs 4 Defense
   Defense                  Defense                  Time % Phy DF OF 
 1 Noah Welch               Mathieu Carle            60     1   2  2  
 2 John Klingberg           Matt Corrente            40     1   2  2  

Last Minutes Offensive
   Center                   Left Wing                Right Wing               Defense                  Defense                  
   Ryan Carter              Robbie Earl              Martins Karsums          Noah Welch               Mathieu Carle            

Last Minutes Defensive
   Center                   Left Wing                Right Wing               Defense                  Defense                  
   Ryan Carter              Robbie Earl              Martins Karsums          Noah Welch               Mathieu Carle            

Goaltenders
Starting : Thomas McCollum          
Backup : Alex Stalock             

Extra Forwards
Normal : T.J Galiardi, Jeremy Morin, Ryan Russell - PP : T.J Galiardi, Jeremy Morin - PK : Ryan Russell
Extra Defensemen
Normal : Brian Salcido, Oskars Bartulis, John Klingberg - PP : Brian Salcido - PK : Oskars Bartulis, John Klingberg
Penalty Shots
Ryan Carter, Robbie Earl, Martins Karsums, Jamie Benn, Ben Smith

Atomiques

5 vs 5 Forward 
   Center                   Left Wing                Right Wing               Time % Phy DF OF 
 1 Tyler Brenner            Brad Winchester          Tyler Kennedy            40     1   2  2  
 2 Marc-Antoine Pouliot     Kenndal McArdle          Ryan Shannon             30     1   2  2  
 3 Marc-André Cliche        Andrew Kozek             Nick Johnson             20     1   2  2  
 4 Brett Sutter             John McCarthy            Alex Berry               10     1   2  2  

5 vs 5 Defense 
   Defense                  Defense                                           Time % Phy DF OF 
 1 Alexander Sulzer         Victor Hedman                                     40     1   2  2  
 2 Shawn Belle              Davis Drewiske                                    30     1   2  2  
 3 Clayton Stoner           Kyle Wharton                                      20     1   2  2  
 4 Alexander Sulzer         Victor Hedman                                     10     1   2  2  

PowerPlay Forward 
   Center                   Left Wing                Right Wing               Time % Phy DF OF 
 1 Tyler Brenner            Brad Winchester          Tyler Kennedy            60     1   2  2  
 2 Marc-Antoine Pouliot     Kenndal McArdle          Ryan Shannon             40     1   2  2  

PowerPlay Defense
   Defense                  Defense                                           Time % Phy DF OF 
 1 Alexander Sulzer         Victor Hedman                                     60     1   2  2  
 2 Shawn Belle              Davis Drewiske                                    40     1   2  2  

Penalty Kill 4 Players Forward 
   Center                   Wing                     Time % Phy DF OF 
 1 Brad Winchester          Tyler Kennedy            60     1   2  2  
 2 Ryan Shannon             Tyler Brenner            40     1   2  2  

Penalty Kill 4 Players Defense
   Defense                  Defense                  Time % Phy DF OF 
 1 Alexander Sulzer         Victor Hedman            60     1   2  2  
 2 Shawn Belle              Davis Drewiske           40     1   2  2  

Penalty Kill - 3 Players Forward 
   Forward                                           Time % Phy DF OF 
 1 Brad Winchester                                   60     1   2  2  
 2 Tyler Kennedy                                     40     1   2  2  

Penalty Kill - 3 Players Defense
   Defense                  Defense                  Time % Phy DF OF 
 1 Alexander Sulzer         Victor Hedman            60     1   2  2  
 2 Shawn Belle              Davis Drewiske           40     1   2  2  

4 vs 4 Forward 
   Center                   Wing                     Time % Phy DF OF 
 1 Brad Winchester          Tyler Kennedy            60     1   2  2  
 2 Ryan Shannon             Tyler Brenner            40     1   2  2  

4 vs 4 Defense
   Defense                  Defense                  Time % Phy DF OF 
 1 Alexander Sulzer         Victor Hedman            60     1   2  2  
 2 Shawn Belle              Davis Drewiske           40     1   2  2  

Last Minutes Offensive
   Center                   Left Wing                Right Wing               Defense                  Defense                  
   Tyler Brenner            Brad Winchester          Tyler Kennedy            Alexander Sulzer         Victor Hedman            

Last Minutes Defensive
   Center                   Left Wing                Right Wing               Defense                  Defense                  
   Tyler Brenner            Brad Winchester          Tyler Kennedy            Alexander Sulzer         Victor Hedman            

Goaltenders
Starting : Alex Auld                
Backup : Sergei Bobrovsky         

Extra Forwards
Normal : Nick Johnson, Andrew Kozek, Marc-André Cliche - PP : Nick Johnson, Andrew Kozek - PK : Marc-André Cliche
Extra Defensemen
Normal : Clayton Stoner, Kyle Wharton, Shawn Belle - PP : Clayton Stoner - PK : Kyle Wharton, Shawn Belle
Penalty Shots
Brad Winchester, Tyler Kennedy, Ryan Shannon, Tyler Brenner, Marc-Antoine Pouliot

% Time on Ice - Influenza

Lines # - Real PCT - Wanted PCT - Time Play
Normal Forward
1 - 34% - 40% - 14:23
2 - 25% - 30% - 10:45
3 - 26% - 20% - 11:03
4 - 16% - 10% - 6:42
Normal Defense
1 - 39% - 40% - 16:32
2 - 33% - 30% - 14:13
3 - 27% - 20% - 11:23
4 - 2% - 10% - 0:45
PP Forward
1 - 52% - 60% - 4:47
2 - 48% - 40% - 4:26
PP Defense
1 - 51% - 60% - 4:40
2 - 49% - 40% - 4:33
PK Forward
1 - 88% - 60% - 4:37
2 - 12% - 40% - 0:38
PK Defense
1 - 68% - 60% - 3:33
2 - 32% - 40% - 1:42
PK3 Forward
1 - 0% - 60%
2 - 0% - 40%
PK3 Defense
1 - 0% - 60%
2 - 0% - 40%
44 Forward
1 - 93% - 60% - 2:29
2 - 7% - 40% - 0:12
44 Defense
1 - 76% - 60% - 2:03
2 - 24% - 40% - 0:38
Last Minute Offensive  - 0:10
Last Minute Defensive  - 0:00
Total
Forward - 60:12
Defense - 60:12

% Time on Ice - Atomiques

Lines # - Real PCT - Wanted PCT - Time Play
Normal Forward
1 - 33% - 40% - 13:51
2 - 29% - 30% - 12:18
3 - 23% - 20% - 9:40
4 - 16% - 10% - 6:47
Normal Defense
1 - 38% - 40% - 16:08
2 - 34% - 30% - 14:34
3 - 26% - 20% - 10:56
4 - 2% - 10% - 0:58
PP Forward
1 - 70% - 60% - 3:40
2 - 30% - 40% - 1:35
PP Defense
1 - 67% - 60% - 3:30
2 - 33% - 40% - 1:45
PK Forward
1 - 74% - 60% - 6:49
2 - 26% - 40% - 2:24
PK Defense
1 - 64% - 60% - 5:53
2 - 36% - 40% - 3:20
PK3 Forward
1 - 0% - 60%
2 - 0% - 40%
PK3 Defense
1 - 0% - 60%
2 - 0% - 40%
44 Forward
1 - 84% - 60% - 2:16
2 - 16% - 40% - 0:25
44 Defense
1 - 61% - 60% - 1:39
2 - 39% - 40% - 1:02
Last Minute Offensive  - 0:00
Last Minute Defensive  - 0:27
Total
Forward - 60:12
Defense - 60:12

Play by Play

1st period


0:01 of 1st period - Ryan Carter wins face-off versus Tyler Brenner in neutral zone.
0:04 of 1st period - Snap shot by Martins Karsums.
0:04 of 1st period - Stopped by Alex Auld without a rebound.
0:05 of 1st period - Ryan Carter wins face-off versus Brad Winchester in Atomiques zone.
0:12 of 1st period - Slapshot by Martins Karsums.
0:12 of 1st period - Stopped by Alex Auld without a rebound.
0:13 of 1st period - Marc-Antoine Pouliot wins face-off versus Zac Dalpe in Atomiques zone.
0:22 of 1st period - Snap shot by Marc-Antoine Pouliot.
0:22 of 1st period - Deflect By Ryan Shannon.
0:22 of 1st period - Shot Blocked by Matt Corrente.
0:22 of 1st period - Puck is out of play.
0:23 of 1st period - Marc-Antoine Pouliot wins face-off versus Zac Dalpe in Influenza zone.
1:18 of 1st period - Zac Dalpe is hit by Davis Drewiske and loses puck.
1:29 of 1st period - Wrist shot by Kenndal McArdle.
1:29 of 1st period - Stopped by Thomas McCollum with a rebound.
1:31 of 1st period - Snap shot by Marc-Antoine Pouliot.
1:31 of 1st period - Deflect By Ryan Shannon.
1:31 of 1st period - Shot Misses the Net.
1:31 of 1st period - Puck is out of play.
1:32 of 1st period - Ryan Carter wins face-off versus Tyler Kennedy in Influenza zone.
2:11 of 1st period - Slapshot by Nick Johnson.
2:11 of 1st period - Shot Blocked by Jeremy Morin.
2:31 of 1st period - Snap shot by Ryan Russell.
2:31 of 1st period - Shot Misses the Net.
3:33 of 1st period - Shawn Belle is hit by Ben Smith and loses puck.
4:21 of 1st period - Wrist shot by Marc-André Cliche.
4:21 of 1st period - Shot Misses the Net.
4:31 of 1st period - Wrist shot by Ryan Shannon.
4:31 of 1st period - Shot Blocked by Brian Salcido.
4:33 of 1st period - Slapshot by Ryan Shannon.
4:33 of 1st period - Shot Misses the Net.
4:35 of 1st period - Wrist shot by Marc-Antoine Pouliot.
4:35 of 1st period - Shot Misses the Net.
5:13 of 1st period - Snap shot by Marc-André Cliche.
5:13 of 1st period - Stopped by Thomas McCollum with a rebound.
5:28 of 1st period - Snap shot by Tyler Brenner.
5:28 of 1st period - Shot Blocked by John Klingberg.
5:52 of 1st period - Snap shot by Nick Johnson.
5:52 of 1st period - Deflect By Robbie Earl.
5:52 of 1st period - Stopped by Thomas McCollum without a rebound.
5:53 of 1st period - Ryan Carter wins face-off versus Marc-André Cliche in Influenza zone.
6:01 of 1st period - Icing by Nick Johnson.
6:02 of 1st period - Nick Johnson wins face-off versus Ryan Carter in Atomiques zone.
6:11 of 1st period - Ryan Carter is hit by Alexander Sulzer and loses puck.
6:17 of 1st period - Mathieu Carle is hit by Marc-André Cliche and loses puck.
6:28 of 1st period - Tyler Kennedy is hit by Mathieu Carle and loses puck.
7:14 of 1st period - Brian Salcido is hit by Brett Sutter and loses puck.
7:55 of 1st period - Jeremy Morin is hit by Brad Winchester and loses puck.
8:02 of 1st period - Snap shot by John Klingberg.
8:02 of 1st period - Shot Blocked by Alexander Sulzer.
8:04 of 1st period - Slapshot by Andreas Engqvist.
8:04 of 1st period - Goal by Andreas Engqvist - Influenza : 1 - Atomiques : 0.
8:05 of 1st period - Ryan Carter wins face-off versus Tyler Brenner in neutral zone.
9:07 of 1st period - Icing by Marc-Antoine Pouliot.
9:08 of 1st period - Marc-Antoine Pouliot wins face-off versus Martins Karsums in Atomiques zone.
9:08 of 1st period - Marc-Antoine Pouliot is hit by Ryan Carter.
9:24 of 1st period - Wrist shot by Ryan Carter.
9:24 of 1st period - Stopped by Alex Auld with a rebound.
10:53 of 1st period - Ben Smith is hit by Kyle Wharton and loses puck.
11:08 of 1st period - T.J Galiardi is hit by Clayton Stoner and loses puck.
11:45 of 1st period - Brian Salcido is hit by Nick Johnson and loses puck.
12:02 of 1st period - Snap shot by Ben Smith.
12:02 of 1st period - Shot Misses the Net.
12:49 of 1st period - Snap shot by Martins Karsums.
12:49 of 1st period - Shot Blocked by Tyler Kennedy.
13:22 of 1st period - Ben Smith is hit by Marc-André Cliche and loses puck.
13:29 of 1st period - Snap shot by Nick Johnson.
13:29 of 1st period - Goal by Nick Johnson - Influenza : 1 - Atomiques : 1.
13:30 of 1st period - Tyler Kennedy wins face-off versus Martins Karsums in neutral zone.
13:37 of 1st period - Snap shot by Tyler Kennedy.
13:37 of 1st period - Stopped by Thomas McCollum without a rebound.
13:38 of 1st period - Tyler Brenner wins face-off versus Ryan Carter in Influenza zone.
13:39 of 1st period - Snap shot by Tyler Kennedy.
13:39 of 1st period - Shot Misses the Net.
13:41 of 1st period - Snap shot by Tyler Kennedy.
13:41 of 1st period - Stopped by Thomas McCollum with a rebound.
13:43 of 1st period - Slapshot by Alexander Sulzer.
13:43 of 1st period - Deflect By Tyler Brenner.
13:43 of 1st period - Atomiques goal is going for a video replay.
13:43 of 1st period - The goal is good.
13:43 of 1st period - Goal by Tyler Brenner - Influenza : 1 - Atomiques : 2.
13:44 of 1st period - Ryan Carter wins face-off versus Tyler Brenner in neutral zone.
13:55 of 1st period - Martins Karsums is hit by Tyler Kennedy and loses puck.
14:33 of 1st period - Oskars Bartulis is hit by Kyle Wharton and loses puck.
14:44 of 1st period - Snap shot by Marc-André Cliche.
14:44 of 1st period - Shot Misses the Net.
15:00 of 1st period - Backhand shot by Ryan Russell.
15:00 of 1st period - Stopped by Alex Auld with a rebound.
15:26 of 1st period - Slapshot by Brad Winchester.
15:26 of 1st period - Deflect By Tyler Brenner.
15:26 of 1st period - Shot Blocked by Ryan Carter.
15:26 of 1st period - Puck is out of play.
15:27 of 1st period - Martins Karsums wins face-off versus Tyler Brenner in Influenza zone.
15:54 of 1st period - Victor Hedman is hit by Ben Smith and loses puck.
16:15 of 1st period - Icing by Ryan Shannon.
16:16 of 1st period - Marc-Antoine Pouliot wins face-off versus Ryan Carter in Atomiques zone.
16:29 of 1st period - Snap shot by Martins Karsums.
16:29 of 1st period - Shot Misses the Net.
16:31 of 1st period - Snap shot by Robbie Earl.
16:31 of 1st period - Stopped by Alex Auld with a rebound.
16:42 of 1st period - Icing by Kyle Wharton.
16:43 of 1st period - Tyler Brenner wins face-off versus Andreas Engqvist in Atomiques zone.
16:52 of 1st period - Wrist shot by Tyler Kennedy.
16:52 of 1st period - Stopped by Thomas McCollum without a rebound.
16:53 of 1st period - Tyler Brenner wins face-off versus Robbie Earl in Influenza zone.
17:11 of 1st period - Icing by Mathieu Carle.
17:12 of 1st period - Ryan Carter wins face-off versus Ryan Shannon in Influenza zone.
17:51 of 1st period - Snap shot by Martins Karsums.
17:51 of 1st period - Stopped by Alex Auld with a rebound.
18:09 of 1st period - Snap shot by Ryan Carter.
18:09 of 1st period - Stopped by Alex Auld with a rebound.
18:13 of 1st period - Snap shot by Robbie Earl.
18:13 of 1st period - Shot Misses the Net.
18:15 of 1st period - Backhand shot by Martins Karsums.
18:15 of 1st period - Influenza goal is going for a video replay.
18:15 of 1st period - The goal is good.
18:15 of 1st period - Goal by Martins Karsums - Influenza : 2 - Atomiques : 2.
18:16 of 1st period - Tyler Brenner wins face-off versus Zac Dalpe in neutral zone.
18:18 of 1st period - Minor Penalty to Shawn Belle for Slashing.
18:19 of 1st period - Brad Winchester wins face-off versus Zac Dalpe in Atomiques zone.
Goals for this period are 2 for Influenza vs 2 for Atomiques.
Shots for this period are 9 for Influenza vs 8 for Atomiques.

2nd period


0:01 of 2nd period - Brad Winchester wins face-off versus Ryan Carter in neutral zone.
0:18 of 2nd period - Penalty to Shawn Belle is over, Shawn Belle is back on ice.
0:51 of 2nd period - Davis Drewiske is hit by Noah Welch and loses puck.
1:13 of 2nd period - Snap shot by Ryan Russell.
1:13 of 2nd period - Stopped by Alex Auld without a rebound.
1:14 of 2nd period - Charlie Coyle wins face-off versus Tyler Brenner in Atomiques zone.
1:20 of 2nd period - Off-side.
1:21 of 2nd period - Tyler Brenner wins face-off versus Ryan Carter in neutral zone.
1:30 of 2nd period - Snap shot by Brad Winchester.
1:30 of 2nd period - Shot Blocked by Martins Karsums.
1:32 of 2nd period - Slapshot by Victor Hedman.
1:32 of 2nd period - Stopped by Thomas McCollum with a rebound.
2:30 of 2nd period - Minor Penalty to Charlie Coyle for Holding.
2:31 of 2nd period - Tyler Brenner wins face-off versus Ryan Carter in Influenza zone.
2:33 of 2nd period - Slapshot by Victor Hedman.
2:33 of 2nd period - Shot Blocked by Noah Welch.
2:43 of 2nd period - Brad Winchester is hit by Robbie Earl and loses puck.
3:39 of 2nd period - Wrist shot by Marc-Antoine Pouliot.
3:39 of 2nd period - Stopped by Thomas McCollum without a rebound.
3:40 of 2nd period - Ryan Russell wins face-off versus Tyler Brenner in Influenza zone.
4:11 of 2nd period - Backhand shot by Jamie Benn.
4:11 of 2nd period - Stopped by Alex Auld with a rebound.
4:30 of 2nd period - Penalty to Charlie Coyle is over, Charlie Coyle is back on ice.
4:34 of 2nd period - Marc-André Cliche is hit by Andreas Engqvist and loses puck.
4:46 of 2nd period - Jeremy Morin is hit by Alexander Sulzer and loses puck.
4:59 of 2nd period - Wrist shot by T.J Galiardi.
4:59 of 2nd period - Stopped by Alex Auld with a rebound.
5:38 of 2nd period - Clayton Stoner is hit by Robbie Earl and loses puck.
6:07 of 2nd period - Wrist shot by Ryan Russell.
6:07 of 2nd period - Stopped by Alex Auld with a rebound.
6:45 of 2nd period - Slapshot by Alex Berry.
6:45 of 2nd period - Shot Misses the Net.
6:59 of 2nd period - Martins Karsums is hit by Tyler Brenner and loses puck.
7:08 of 2nd period - Tyler Kennedy is hit by Martins Karsums and loses puck.
7:25 of 2nd period - Slapshot by Andrew Kozek.
7:25 of 2nd period - Shot Hit the Post.
7:42 of 2nd period - Minor Penalty to Martins Karsums for Holding Stick.
7:43 of 2nd period - Ryan Russell wins face-off versus Tyler Kennedy in Influenza zone.
8:00 of 2nd period - Mathieu Carle is hit by Tyler Kennedy and loses puck.
8:52 of 2nd period - Minor Penalty to Kenndal McArdle for Hooking.
8:53 of 2nd period - Ryan Carter wins face-off versus Brad Winchester in Atomiques zone.
9:42 of 2nd period - Penalty to Martins Karsums is over, Martins Karsums is back on ice.
10:00 of 2nd period - Snap shot by Zac Dalpe.
10:00 of 2nd period - Stopped by Alex Auld without a rebound.
10:01 of 2nd period - Zac Dalpe wins face-off versus Brad Winchester in Atomiques zone.
10:14 of 2nd period - Alexander Sulzer is hit by John Klingberg and loses puck.
10:52 of 2nd period - Penalty to Kenndal McArdle is over, Kenndal McArdle is back on ice.
11:03 of 2nd period - Slapshot by Zac Dalpe.
11:03 of 2nd period - Shot Misses the Net.
11:23 of 2nd period - Slapshot by Ben Smith.
11:23 of 2nd period - Shot Blocked by Marc-André Cliche.
11:33 of 2nd period - Wrist shot by Marc-André Cliche.
11:33 of 2nd period - Shot Misses the Net.
11:53 of 2nd period - John Klingberg is hit by Andrew Kozek.
12:03 of 2nd period - Snap shot by Andrew Kozek.
12:03 of 2nd period - Stopped by Thomas McCollum without a rebound.
12:04 of 2nd period - Ryan Carter wins face-off versus Tyler Brenner in Influenza zone.
13:44 of 2nd period - Snap shot by Ryan Carter.
13:44 of 2nd period - Shot Misses the Net.
14:05 of 2nd period - Ryan Shannon is hit by Ryan Russell and loses puck.
14:18 of 2nd period - Charlie Coyle is hit by Marc-André Cliche and loses puck.
15:35 of 2nd period - Minor Penalty to Tyler Kennedy for Holding.
15:36 of 2nd period - Ryan Carter wins face-off versus Brad Winchester in Atomiques zone.
15:43 of 2nd period - Snap shot by Martins Karsums.
15:43 of 2nd period - Shot Misses the Net.
15:45 of 2nd period - Slapshot by Matt Corrente.
15:45 of 2nd period - Stopped by Alex Auld with a rebound.
15:47 of 2nd period - Slapshot by Mathieu Carle.
15:47 of 2nd period - Shot Misses the Net.
15:49 of 2nd period - Wrist shot by Ryan Carter.
15:49 of 2nd period - Stopped by Alex Auld with a rebound.
16:21 of 2nd period - Icing by Robbie Earl.
16:22 of 2nd period - Brett Sutter wins face-off versus Ryan Carter in Influenza zone.
17:27 of 2nd period - Matt Corrente is hit by Brett Sutter and loses puck.
17:35 of 2nd period - Penalty to Tyler Kennedy is over, Tyler Kennedy is back on ice.
17:44 of 2nd period - Wrist shot by Jeremy Morin.
17:44 of 2nd period - Deflect By Brett Sutter.
17:44 of 2nd period - Shot Misses the Net.
17:44 of 2nd period - Puck is out of play.
17:45 of 2nd period - Tyler Brenner wins face-off versus Andreas Engqvist in Atomiques zone.
17:45 of 2nd period - Tyler Brenner is hit by T.J Galiardi.
17:51 of 2nd period - Brian Salcido is hit by Tyler Brenner and loses puck.
18:05 of 2nd period - Minor Penalty to Shawn Belle for Cross-checking.
18:06 of 2nd period - Ryan Carter wins face-off versus Brad Winchester in Atomiques zone.
18:09 of 2nd period - Snap shot by Ryan Carter.
18:09 of 2nd period - Stopped by Alex Auld with a rebound.
18:31 of 2nd period - Tyler Brenner is hit by Noah Welch.
19:20 of 2nd period - Icing by Robbie Earl.
19:21 of 2nd period - Brad Winchester wins face-off versus Ryan Carter in Influenza zone.
Goals for this period are 0 for Influenza vs 0 for Atomiques.
Shots for this period are 8 for Influenza vs 3 for Atomiques.

3rd period


0:01 of 3rd period - Brad Winchester wins face-off versus Ryan Carter in neutral zone.
0:05 of 3rd period - Penalty to Shawn Belle is over, Shawn Belle is back on ice.
0:23 of 3rd period - Alexander Sulzer is hit by Mathieu Carle and loses puck.
0:32 of 3rd period - Slapshot by Martins Karsums.
0:32 of 3rd period - Shot Blocked by Shawn Belle.
0:34 of 3rd period - Snap shot by Mathieu Carle.
0:34 of 3rd period - Stopped by Alex Auld with a rebound.
0:36 of 3rd period - Snap shot by Martins Karsums.
0:36 of 3rd period - Stopped by Alex Auld without a rebound.
0:37 of 3rd period - Marc-Antoine Pouliot wins face-off versus Zac Dalpe in Atomiques zone.
0:42 of 3rd period - Wrist shot by Marc-Antoine Pouliot.
0:42 of 3rd period - Shot Misses the Net.
0:50 of 3rd period - Slapshot by Matt Corrente.
0:50 of 3rd period - Stopped by Alex Auld with a rebound.
1:02 of 3rd period - Matt Corrente is hit by Nick Johnson and loses puck.
1:26 of 3rd period - Snap shot by Corey Tropp.
1:26 of 3rd period - Shot Blocked by John McCarthy.
1:30 of 3rd period - Backhand shot by Corey Tropp.
1:30 of 3rd period - Stopped by Alex Auld without a rebound.
1:31 of 3rd period - Ryan Carter wins face-off versus Tyler Brenner in Atomiques zone.
1:34 of 3rd period - Snap shot by Robbie Earl.
1:34 of 3rd period - Shot Misses the Net.
1:36 of 3rd period - Wrist shot by Robbie Earl.
1:36 of 3rd period - Shot Misses the Net.
1:40 of 3rd period - Snap shot by Martins Karsums.
1:40 of 3rd period - Shot Misses the Net.
1:42 of 3rd period - Slapshot by Noah Welch.
1:42 of 3rd period - Deflect By Martins Karsums.
1:42 of 3rd period - Shot Blocked by Brad Winchester.
1:42 of 3rd period - Puck is out of play.
1:43 of 3rd period - Ryan Carter wins face-off versus Tyler Brenner in Atomiques zone.
1:51 of 3rd period - Minor Penalty to Martins Karsums for Interference.
1:52 of 3rd period - Tyler Brenner wins face-off versus Ryan Carter in Influenza zone.
1:53 of 3rd period - Slapshot by Tyler Kennedy.
1:53 of 3rd period - Shot Blocked by Ryan Carter.
1:55 of 3rd period - Slapshot by Alexander Sulzer.
1:55 of 3rd period - Stopped by Thomas McCollum with a rebound.
1:59 of 3rd period - Snap shot by Tyler Kennedy.
1:59 of 3rd period - Stopped by Thomas McCollum with a rebound.
2:01 of 3rd period - Slapshot by Alexander Sulzer.
2:01 of 3rd period - Stopped by Thomas McCollum without a rebound.
2:02 of 3rd period - Ryan Carter wins face-off versus Tyler Brenner in Influenza zone.
2:02 of 3rd period - Ryan Carter is hit by Tyler Kennedy.
2:16 of 3rd period - Snap shot by Tyler Kennedy.
2:16 of 3rd period - Stopped by Thomas McCollum with a rebound.
3:30 of 3rd period - Wrist shot by Tyler Kennedy.
3:30 of 3rd period - Shot Misses the Net.
3:32 of 3rd period - Wrist shot by Brad Winchester.
3:32 of 3rd period - Shot Misses the Net.
3:34 of 3rd period - Wrist shot by Tyler Kennedy.
3:34 of 3rd period - Shot Blocked by Ryan Carter.
3:36 of 3rd period - Slapshot by Victor Hedman.
3:36 of 3rd period - Stopped by Thomas McCollum without a rebound.
3:37 of 3rd period - Ryan Russell wins face-off versus Marc-Antoine Pouliot in Influenza zone.
3:48 of 3rd period - Snap shot by Jamie Benn.
3:48 of 3rd period - Shot Blocked by Shawn Belle.
3:50 of 3rd period - Snap shot by Ryan Russell.
3:50 of 3rd period - Shot Blocked by Davis Drewiske.
3:51 of 3rd period - Penalty to Martins Karsums is over, Martins Karsums is back on ice.
3:52 of 3rd period - Wrist shot by Martins Karsums.
3:52 of 3rd period - Shot Misses the Net.
4:24 of 3rd period - Slapshot by John Klingberg.
4:24 of 3rd period - Stopped by Alex Auld without a rebound.
4:25 of 3rd period - Andreas Engqvist wins face-off versus Marc-André Cliche in Atomiques zone.
4:34 of 3rd period - Snap shot by Marc-André Cliche.
4:34 of 3rd period - Shot Blocked by Oskars Bartulis.
4:36 of 3rd period - Snap shot by Marc-André Cliche.
4:36 of 3rd period - Stopped by Thomas McCollum with a rebound.
4:38 of 3rd period - Snap shot by Nick Johnson.
4:38 of 3rd period - Stopped by Thomas McCollum without a rebound.
4:39 of 3rd period - Marc-André Cliche wins face-off versus Andreas Engqvist in Influenza zone.
4:46 of 3rd period - Slapshot by Andrew Kozek.
4:46 of 3rd period - Stopped by Thomas McCollum without a rebound.
4:47 of 3rd period - Marc-André Cliche wins face-off versus Andreas Engqvist in Influenza zone.
5:00 of 3rd period - Snap shot by T.J Galiardi.
5:00 of 3rd period - Shot Blocked by Clayton Stoner.
5:02 of 3rd period - Slapshot by Brian Salcido.
5:02 of 3rd period - Stopped by Alex Auld with a rebound.
5:14 of 3rd period - Backhand shot by Ryan Carter.
5:14 of 3rd period - Deflect By Robbie Earl.
5:14 of 3rd period - Shot Misses the Net.
5:14 of 3rd period - Puck is out of play.
5:15 of 3rd period - Ryan Carter wins face-off versus Tyler Brenner in Atomiques zone.
5:42 of 3rd period - Mathieu Carle is hit by Ryan Shannon and loses puck.
6:15 of 3rd period - Wrist shot by Charlie Coyle.
6:15 of 3rd period - Stopped by Alex Auld with a rebound.
6:33 of 3rd period - Shawn Belle is hit by Andreas Engqvist and loses puck.
6:40 of 3rd period - Snap shot by T.J Galiardi.
6:40 of 3rd period - Stopped by Alex Auld without a rebound.
6:41 of 3rd period - Tyler Brenner wins face-off versus Ryan Carter in Atomiques zone.
6:52 of 3rd period - Off-side.
6:53 of 3rd period - Tyler Brenner wins face-off versus Ryan Carter in neutral zone.
7:26 of 3rd period - Snap shot by Jeremy Morin.
7:26 of 3rd period - Deflect By Tyler Brenner.
7:26 of 3rd period - Shot Misses the Net.
7:26 of 3rd period - Puck is out of play.
7:27 of 3rd period - Marc-Antoine Pouliot wins face-off versus Ryan Carter in Atomiques zone.
7:27 of 3rd period - Marc-Antoine Pouliot is hit by Noah Welch.
7:30 of 3rd period - Minor Penalty to Davis Drewiske for Boarding.
7:31 of 3rd period - Ryan Carter wins face-off versus Brad Winchester in Atomiques zone.
7:37 of 3rd period - Minor Penalty to Robbie Earl for Interference.
7:38 of 3rd period - Brad Winchester wins face-off versus Ryan Carter in Influenza zone.
7:43 of 3rd period - Wrist shot by Brad Winchester.
7:43 of 3rd period - Stopped by Thomas McCollum without a rebound.
7:44 of 3rd period - Ryan Carter wins face-off versus Brad Winchester in Influenza zone.
7:51 of 3rd period - Slapshot by Victor Hedman.
7:51 of 3rd period - Stopped by Thomas McCollum with a rebound.
7:53 of 3rd period - Backhand shot by Victor Hedman.
7:53 of 3rd period - Stopped by Thomas McCollum with a rebound.
7:55 of 3rd period - Slapshot by Alexander Sulzer.
7:55 of 3rd period - Shot Misses the Net.
9:00 of 3rd period - Icing by T.J Galiardi.
9:01 of 3rd period - Jeremy Morin wins face-off versus Nick Johnson in Influenza zone.
9:30 of 3rd period - Penalty to Davis Drewiske is over, Davis Drewiske is back on ice.
9:37 of 3rd period - Penalty to Robbie Earl is over, Robbie Earl is back on ice.
10:04 of 3rd period - Wrist shot by Marc-André Cliche.
10:04 of 3rd period - Deflect By Robbie Earl.
10:04 of 3rd period - Stopped by Thomas McCollum with a rebound.
10:06 of 3rd period - Snap shot by Andrew Kozek.
10:06 of 3rd period - Stopped by Thomas McCollum with a rebound.
11:10 of 3rd period - Wrist shot by Andrew Kozek.
11:10 of 3rd period - Stopped by Thomas McCollum with a rebound.
12:35 of 3rd period - Icing by John McCarthy.
12:36 of 3rd period - Zac Dalpe wins face-off versus Alex Berry in Atomiques zone.
13:03 of 3rd period - Alex Berry is hit by Jamie Benn and loses puck.
13:36 of 3rd period - Snap shot by Corey Tropp.
13:36 of 3rd period - Shot Misses the Net.
13:42 of 3rd period - Slapshot by Shawn Belle.
13:42 of 3rd period - Deflect By Kenndal McArdle.
13:42 of 3rd period - Stopped by Thomas McCollum with a rebound.
13:54 of 3rd period - Noah Welch is hit by Marc-André Cliche and loses puck.
14:35 of 3rd period - Icing by Tyler Brenner.
14:36 of 3rd period - Tyler Brenner wins face-off versus Andreas Engqvist in Atomiques zone.
15:20 of 3rd period - Minor Penalty to Tyler Brenner for Slashing.
15:21 of 3rd period - Ryan Carter wins face-off versus Brad Winchester in Atomiques zone.
15:34 of 3rd period - Slapshot by Noah Welch.
15:34 of 3rd period - Shot Blocked by Victor Hedman.
15:36 of 3rd period - Slapshot by Noah Welch.
15:36 of 3rd period - Stopped by Alex Auld with a rebound.
15:46 of 3rd period - Brad Winchester is hit by Noah Welch and loses puck.
15:51 of 3rd period - Snap shot by Zac Dalpe.
15:51 of 3rd period - Stopped by Alex Auld with a rebound.
16:17 of 3rd period - Davis Drewiske is hit by John Klingberg and loses puck.
17:20 of 3rd period - Penalty to Tyler Brenner is over, Tyler Brenner is back on ice.
17:39 of 3rd period - Snap shot by Andrew Kozek.
17:39 of 3rd period - Stopped by Thomas McCollum with a rebound.
17:41 of 3rd period - Snap shot by Ryan Shannon.
17:41 of 3rd period - Stopped by Thomas McCollum without a rebound.
17:42 of 3rd period - Andreas Engqvist wins face-off versus Brett Sutter in Influenza zone.
17:54 of 3rd period - Wrist shot by T.J Galiardi.
17:54 of 3rd period - Stopped by Alex Auld with a rebound.
17:56 of 3rd period - Slapshot by Oskars Bartulis.
17:56 of 3rd period - Stopped by Alex Auld without a rebound.
17:57 of 3rd period - Tyler Brenner wins face-off versus Zac Dalpe in Atomiques zone.
18:10 of 3rd period - Snap shot by Brad Winchester.
18:10 of 3rd period - Stopped by Thomas McCollum with a rebound.
18:12 of 3rd period - Slapshot by Shawn Belle.
18:12 of 3rd period - Deflect By Noah Welch.
18:12 of 3rd period - Stopped by Thomas McCollum with a rebound.
18:27 of 3rd period - Slapshot by Marc-André Cliche.
18:27 of 3rd period - Goal by Marc-André Cliche - Influenza : 2 - Atomiques : 3.
18:28 of 3rd period - Marc-André Cliche wins face-off versus Andreas Engqvist in neutral zone.
18:59 of 3rd period - Influenza, Thomas McCollum is pulled from the net.
19:01 of 3rd period - Snap shot by Jeremy Morin.
19:01 of 3rd period - Shot Misses the Net.
19:03 of 3rd period - Slapshot by Mathieu Carle.
19:03 of 3rd period - Deflect By T.J Galiardi.
19:03 of 3rd period - Shot Hit the Post.
19:03 of 3rd period - Puck is out of play.
19:04 of 3rd period - Joel Quenneville call a timeout for Influenza.
19:04 of 3rd period - Ryan Carter wins face-off versus Tyler Brenner in Atomiques zone.
19:11 of 3rd period - Slapshot by Martins Karsums.
19:11 of 3rd period - Shot Misses the Net.
19:13 of 3rd period - Wrist shot by Martins Karsums.
19:13 of 3rd period - Goal by Martins Karsums - Influenza : 3 - Atomiques : 3.
19:13 of 3rd period - Thomas McCollum from Influenza was sent back in the game.
19:14 of 3rd period - Andreas Engqvist wins face-off versus Marc-André Cliche in neutral zone.
19:23 of 3rd period - Slapshot by T.J Galiardi.
19:23 of 3rd period - Shot Misses the Net.
19:39 of 3rd period - Mathieu Carle is hit by Marc-Antoine Pouliot and loses puck.
19:49 of 3rd period - Mathieu Carle is hit by Victor Hedman and loses puck.
Goals for this period are 1 for Influenza vs 1 for Atomiques.
Shots for this period are 13 for Influenza vs 20 for Atomiques.

Overtime #1


0:01 of 1st overtime period - Ryan Carter wins face-off versus Tyler Brenner in neutral zone.
0:03 of 1st overtime period - Mathieu Carle is hit by Alexander Sulzer and loses puck.
0:06 of 1st overtime period - Snap shot by Robbie Earl.
0:06 of 1st overtime period - Shot Misses the Net.
0:08 of 1st overtime period - Slapshot by Noah Welch.
0:08 of 1st overtime period - Shot Blocked by Alexander Sulzer.
0:10 of 1st overtime period - Snap shot by Martins Karsums.
0:10 of 1st overtime period - Stopped by Alex Auld with a rebound.
0:12 of 1st overtime period - Wrist shot by Martins Karsums.
0:12 of 1st overtime period - Goal by Martins Karsums - Influenza : 4 - Atomiques : 3.
Goals for this period are 1 for Influenza vs 0 for Atomiques.
Shots for this period are 2 for Influenza vs 0 for Atomiques.